 Dungeon Crawl Stone Soup version 0.21.1-1-g345015fe64 (webtiles) character file.

410 KleinerIrrer the Chopper (level 7, -7/52 HPs)
             Began as a Formicid Fighter on Apr 2, 2018.
             Mangled by an ogre
             ... wielding a +0 giant spiked club
              (14 damage)
             ... on level 4 of the Dungeon.
             The game lasted 00:09:36 (2836 turns).

KleinerIrrer the Chopper (Formicid Fighter)         Turns: 2836, Time: 00:09:36

Health: -7/52      AC:  6    Str: 23    XL:     7   Next: 13%
Magic:  7/7        EV:  8    Int:  7    God:
Gold:   207        SH:  9    Dex: 10    Spells: 6/6 levels left

rFire    . . .     SeeInvis +   a - +0 war axe
rCold    + . .     Gourm    .   c - +0 shield
rNeg     . . .     Faith    .   b - +0 scale mail
rPois    .         Spirit   .   (helmet unavailable)
rElec    .         Reflect  .   (no cloak)
rCorr    .         Harm     .   (no gloves)
MR       .....                  (no boots)
Stlth    ..........             g - amulet of regeneration
HPRegen  0.57/turn              k - ring of protection from cold
MPRegen  0.10/turn              (no ring)

@: no status effects
A: permanent stasis, dig shafts and tunnels, four strong arms, antennae 3
a: Dig, Shaft Self


You were on level 4 of the Dungeon.
You were not hungry.

You visited 1 branch of the dungeon, and saw 4 of its levels.
You also visited: Sewer.

You collected 207 gold pieces.

Inventory:

Hand Weapons
 a - a +0 war axe (weapon)
Armour
 b - a +0 scale mail (worn)
 c - a +0 shield (worn)
 n - a cursed +0 pair of boots
Jewellery
 g - an amulet of regeneration (around neck)
 i - an uncursed ring of stealth {unknown}
 k - a ring of protection from cold (left hand)
Wands
 x - a wand of iceblast (8)
Scrolls
 o - 4 scrolls of teleportation
 p - 3 scrolls of blinking {unknown}
 u - a scroll of random uselessness {unknown}
 v - a scroll of noise {unknown}
 w - a scroll of remove curse
Potions
 d - a potion of might
 e - 2 potions of curing {unknown}
 j - a potion of heal wounds {unknown}
 l - a potion of magic {unknown}
 m - a potion of brilliance {unknown}
 q - 3 potions of flight
 r - 2 potions of agility {unknown}
 s - a potion of invisibility {unknown}
 t - a potion of degeneration {unknown}
Comestibles
 f - 4 rations
 h - 2 chunks of flesh


   Skills:
 - Level 3.2 Fighting
 + Level 7.1 Axes
 - Level 3.2 Armour
 - Level 3.6 Shields


You had 6 spell levels left.
You didn't know any spells.

Dungeon Overview and Level Annotations

Branches:
Dungeon (4/15)
 Temple: D:4-7

Altars:
Elyvilon


Innate Abilities, Weirdness & Mutations

You cannot be hasted, slowed, berserked, paralysed or teleported.
You can dig through walls and to a lower floor.
Your four strong arms can wield two-handed weapons with a shield.
You have a pair of large antennae on your head. (SInv)


Message History

The ogre is heavily wounded.
The ogre hits you with a giant spiked club!!
You hit the ogre.
The ogre is severely wounded.
The ogre hits you with a giant spiked club!!
* * * LOW HITPOINT WARNING * * *
You are too injured to fight recklessly!
You are too injured to fight recklessly!
You are too injured to fight recklessly!
You are too injured to fight recklessly!
You are too injured to fight recklessly!
You are too injured to fight recklessly!
You are too injured to fight recklessly!
You are too injured to fight recklessly!
You are too injured to fight recklessly!
Okay, then.
Your shield and scale mail prevent you from hitting the ogre.
The ogre is severely wounded.
The ogre hits you with a giant spiked club!
You die...

.# #.....#
.###.....##....... ....
<##......##....... ....
.........##....... .....
####.....##......# .....
.........#.......+......
.................#......
.................O....#
########........@# ..#
#.......#.#..>.#
##......._...#
######....###.#..#
#.........# #....#
#.......### ######
#.......# #.......#
#.......#


You could see an ogre.

Vanquished Creatures
  Sigmund (D:3)
  An orc wizard (D:3)
  A howler monkey skeleton (D:3)
  3 adders
  4 gnolls (D:2)
  8 oozes
  An adder skeleton (D:2)
  5 worms
  2 dart slugs
  2 leopard geckos
  7 orcs
  14 bats
  10 giant cockroaches
  6 goblins
  5 hobgoblins
  13 jackals
  5 kobolds
  3 ball pythons
  5 frilled lizards
  6 rats
102 creatures vanquished.

Notes
Turn   | Place    | Note
-------+----------+-------------------------------------------
     0 | D:1      | KleinerIrrer the Formicid Fighter began the quest for the Orb.
     0 | D:1      | Reached XP level 1. HP: 18/18 MP: 1/1
    22 | D:1      | Reached XP level 2. HP: 18/24 MP: 2/2
   258 | D:1      | Reached skill level 3 in Axes
   405 | D:1      | Reached XP level 3. HP: 26/29 MP: 3/3
   898 | D:2      | Reached skill level 4 in Axes
   898 | D:2      | Reached XP level 4. HP: 35/35 MP: 4/4
  1438 | D:3      | Reached XP level 5. HP: 41/41 MP: 5/5
  1488 | D:3      | Noticed Sigmund
  1500 | D:2      | Reached skill level 5 in Axes
  1510 | D:3      | Killed Sigmund
  1510 | D:3      | Reached skill level 6 in Axes
  1510 | D:3      | Reached XP level 6. HP: 35/47 MP: 6/6
  1694 | D:3      | Found a glowing drain.
  1704 | Sewer    | Entered a sewer
  2117 | Sewer    | Reached XP level 7. HP: 52/52 MP: 7/7
  2145 | Sewer    | Reached skill level 7 in Axes
  2814 | D:4      | Found a white marble altar of Elyvilon.
  2836 | D:4      | Mangled by an ogre

Skill      XL: |  1  2  3  4  5  6  7 |
---------------+----------------------+-----
Axes           | 3 4 6 7 |  7.1
Fighting       | |  3.2
Armour         | |  3.2
Shields        | |  3.6

Action                   |  1- 3 |  4- 6 |  7- 9 || total
-------------------------+-------+-------+-------++-------
Melee: War axe           |   127 |   142 |    35 ||   304
 Abil: Dig               |       |       |     2 ||     2
  Use: Scroll            |       |     4 |     1 ||     5
       Potion            |       |     1 |     1 ||     2
  Eat: Chunk             |       |     5 |     3 ||     8
Armor: Scale mail        |    86 |    63 |     5 ||   154
Dodge: Dodged            |    60 |    64 |     9 ||   133
Block: Shield            |    86 |   110 |    13 ||   209
